 Dungeon Crawl Stone Soup version 0.23-a0-305-g7ffd15e (webtiles) character file.

45875 Petrovich the Unseen (level 14, -7/106 HPs)
             Began as a Vampire Enchanter on Oct 9, 2018.
             Was the Champion of Okawaru.
             Mangled by a catoblepas (16 damage)
             ... on level 6 of the Lair of Beasts.
             The game lasted 01:36:48 (17047 turns).

Petrovich the Unseen (Vampire Enchanter)           Turns: 17047, Time: 01:36:49

Health: -7/106     AC: 10    Str: 11    XL:     14   Next: 2%
Magic:  7/20       EV:  2    Int: 17    God:    Okawaru [******]
Gold:   1428       SH:  0    Dex: 24    Spells: 2/21 levels left

rFire    + . .     SeeInvis +   x - +4 rapier of the Pill Bug {pain, Stlth+}
rCold    + . .     Gourm    .   T - +0 buckler
rNeg     + + +     Faith    .   Z - +2 robe {rC+ rF+}
rPois    ∞         Spirit   .   H - +2 helmet
rElec    .         Reflect  +   (no cloak)
rCorr    .         Harm     .   (no gloves)
MR       +....                  b - +2 pair of boots {Stlth+}
Stlth    +++++++++.             E - +5 amulet of reflection
HPRegen  0.27/turn              i - +4 ring of strength
MPRegen  0.17/turn              C - +4 ring of dexterity

@: petrified, very slightly contaminated
A: fangs 3, see invisible, unbreathing
a: Bat Form, Heroism, Finesse, Renounce Religion


You were on level 6 of the Lair of Beasts.
You worshipped Okawaru.
Okawaru was exalted by your worship.
You were not thirsty.

You visited 3 branches of the dungeon, and saw 19 of its levels.
You also visited: Ossuary.

You collected 1428 gold pieces.

Inventory:

Hand Weapons
 a - a +1 blowgun
 t - the +5 pair of quick blades "Gyre" and "Gimble" {pierce, Dex-3}
   (You found it on level 6 of the Lair of Beasts)

   It inflicts extra damage upon your enemies.
   It affects your dexterity (-3).
 x - the +4 rapier of the Pill Bug (weapon) {pain, Stlth+}
   (Okawaru gifted it to you on level 6 of the Lair of Beasts)

   In the hands of one skilled in necromantic magic, it inflicts extra damage on
   living creatures.
   It makes you more stealthy.
Missiles
 q - 8 curare-tipped needles
 w - 262 arrows
Armour
 b - a +2 pair of boots of stealth (worn)
 j - the +5 shield of Defiance {SInv}
   (Okawaru gifted it to you on level 6 of the Lair of Beasts)

   It lets you see invisible.
 n - a +1 troll leather armour
 H - a +2 helmet (worn)
 T - a +0 buckler (worn)
 Z - a +2 robe of resistance (worn)
Jewellery
 i - a +4 ring of strength (left hand)
 C - a +4 ring of dexterity (right hand)
 E - a +5 amulet of reflection (around neck)
 F - an uncursed ring of flight
 G - an uncursed ring of protection from magic
 K - an uncursed ring of protection from magic
 N - an uncursed ring of ice
 P - an uncursed ring of fire
 Y - an uncursed ring of wizardry
Wands
 g - a wand of enslavement (18)
 B - a wand of polymorph (14)
 J - a wand of acid (16)
 O - a wand of iceblast (31)
 Q - a wand of paralysis (18)
 U - a wand of flame (52)
 X - a wand of digging (22)
Scrolls
 c - 5 scrolls of enchant armour
 k - a scroll of brand weapon
 o - 11 scrolls of teleportation {unknown}
 s - 4 scrolls of enchant weapon
 v - 4 scrolls of amnesia {unknown}
 y - 3 scrolls of immolation {unknown}
 M - 6 scrolls of magic mapping
 R - 9 scrolls of remove curse
 V - 3 scrolls of noise {unknown}
 W - a scroll of vulnerability {unknown}
Potions
 d - 44 potions of blood
 e - 9 potions of curing {unknown}
 f - 6 potions of heal wounds
 h - 2 potions of berserk rage {!q}
 l - 2 potions of mutation {!q}
 m - 4 potions of lignification {!q}
 p - 3 potions of invisibility
 r - a potion of resistance {unknown}
 u - 3 potions of flight
 z - 2 potions of ambrosia
 A - 4 potions of haste
 D - 3 potions of agility
 I - 8 potions of brilliance
 S - 2 potions of might
Miscellaneous
 L - a phantom mirror


   Skills:
 + Level 8.3 Fighting
 * Level 10.9 Short Blades
 + Level 10.1 Dodging
 - Level 20.1 Stealth
 - Level 4.0 Shields
 - Level 4.0 Spellcasting
 - Level 15.0 Hexes
 - Level 2.0 Invocations


You had 2 spell levels left.
You knew the following spells:

 Your Spells              Type           Power        Failure   Level  Hunger
a - Apportation           Tloc           #.....       16%         1    None
b - Ensorcelled Hibernat  Hex/Ice        ####..       1%          2    ##.....
c - Confuse               Hex            ######..     1%          3    ###....
d - Tukima's Dance        Hex            ######..     1%          3    ###....
i - Invisibility          Hex            ######..     4%          6    #######
s - Dazzling Spray        Conj/Hex       ####..       2%          3    ###....
A - Corona                Hex            ######.      1%          1    None

Your spell library contained the following spells:

 Spells                   Type           Power        Failure   Level  Hunger
 Beastly Appendage        Tmut           #.....       16%         1    None
 Freeze                   Ice            #...         16%         1    None
 Summon Butterflies       Summ           #.......     16%         1    None
 Sticks to Snakes         Tmut           #.......     24%         2    ##.....
 Throw Frost              Conj/Ice       #.....       24%         2    ##.....
 Lesser Beckoning         Tloc           #.........   43%         3    ###....
 Ozocubu's Armour         Chrm/Ice       #.......     43%         3    ###....
 Spider Form              Tmut/Pois      #.........   43%         3    ###....
 Ice Form                 Ice/Tmut       #.......     83%         4    ####...
 Summon Ice Beast         Ice/Summ       #.......     83%         4    ####...
 Throw Icicle             Conj/Ice       #.......     83%         4    ####...
 Alistair's Intoxication  Tmut/Pois      #.......     99%         5    ######.
 Blade Hands              Tmut           #.........   99%         5    ######.


Dungeon Overview and Level Annotations

Branches:
Dungeon (12/15)            Temple (1/1) D:7            Lair (6/6) D:9
  Swamp (0/4) Lair:2        Snake (0/4) Lair:3        Slime (0/5) Lair:5
    Orc (0/2) D:9

Altars:
Ashenzari
Dithmenos
Elyvilon
Fedhas
Gozag
Hepliaklqana
Kikubaaqudgha
Okawaru
Qazlal
Ru
Sif Muna
Trog
Uskayaw
Xom
Zin
The Shining One
Jiyva
Lugonu

Shops:
D:6 [   D:7 }

Annotations:
D:7 2 transporters
Lair:3 exclusion: upstairs


Innate Abilities, Weirdness & Mutations

You have razor-sharp teeth.
You have supernaturally acute eyesight. (SInv)
You can survive without breathing.


Message History

The blast of calcifying dust hits you!
The blast of calcifying dust hits the hippogriff.
The hippogriff is engulfed in calcifying dust.
You are engulfed in calcifying dust.
The catoblepas gores you!
* * * LOW HITPOINT WARNING * * *
The hippogriff is engulfed in calcifying dust.
You are engulfed in calcifying dust.
The catoblepas gores you!!
* * * LOW HITPOINT WARNING * * *
The hippogriff is engulfed in calcifying dust.
You are engulfed in calcifying dust.
The catoblepas gores you!
* * * LOW HITPOINT WARNING * * *
The hippogriff is engulfed in calcifying dust.
You are engulfed in calcifying dust.
The catoblepas breathes a plume of calcifying dust at you.
The blast of calcifying dust hits you!
* * * LOW HITPOINT WARNING * * *
The blast of calcifying dust hits the hippogriff.
The hippogriff is engulfed in calcifying dust.
You are engulfed in calcifying dust.
The catoblepas gores you!!
You die...

*,*,,,,,,,,,,,,,,,**P..........
***,,,,......#...P.#P..........
**,,,,.........................
*..............................
*#.............................
*#............................
#........#......##...........
##..........P....##..........[
#...........Y@H.§.P...........
#.............................
*#...........♣####♣.......♣###
#...P....P.########♣....###..
#####.....##.....P##♣♣♣##...#
#.#....##......# ####.###
##.....##(..P..####....#..
###...#######'#....####..
#....# ###[..####..#..


You could see a catoblepas and a hippogriff (petrified).

Vanquished Creatures
  Rupert (Lair:3)
  4 dire elephants (Lair:6)
  Josephine (Lair:5)
  Harold (Lair:1)
  Erica (D:8)
  An anaconda (Lair:6)
  2 hydras
  A two-headed ogre (D:10)
  4 death yaks (Lair:3)
  Sonja (Lair:4)
  Nergalle (Lair:3)
  2 unseen horrors (D:11)
  Pikel (D:4)
  2 ugly things
  10 elephants
  3 black mambas
  8 spiny frogs
  A rime drake (Lair:6)
  3 komodo dragons
  A queen bee (Lair:5)
  3 meliai (Lair:5)
  5 trolls
  6 hippogriffs
  A hornet (D:8)
  8 blink frogs (Lair:6)
  3 bog bodies (Lair:2)
  3 basilisks
  27 yaks
  3 wraiths
  2 wyverns
  A hungry ghost (D:7)
  3 nagas
  2 swamp worms (Lair:2)
  2 soldier ants (D:8)
  10 water moccasins
  6 sky beasts
  4 orc warriors
  6 porcupines
  3 black bears (Lair:4)
  2 slaves (D:4)
  4 ice beasts
  6 ogres
  2 phantoms
  4 boggarts (Lair:4)
  6 centaurs
  4 wolves (Lair:2)
  8 crocodiles
  11 bullfrogs
  A gnoll sergeant (D:6)
  3 water moccasin zombies (Ossuary)
  A water moccasin skeleton (D:8)
  16 killer bees
  6 wights
  2 electric eels
  9 howler monkeys
  8 crimson imps
  A centaur zombie (D:10)
  2 bullfrog zombies
  3 hounds
  2 jellies (D:6)
  10 orc wizards
  7 orc priests
  3 bullfrog skeletons
  4 centaur skeletons
  7 iguanas
  Jessica (D:3)
  12 worker ants
  2 big kobold zombies (Ossuary)
  2 mummies (Ossuary)
  4 gnolls (D:6)
  11 adders
  2 shadow imps
  3 oozes
  7 adder zombies
  An adder skeleton (D:10)
  4 worms
  2 dart slugs
  6 leopard geckos
  38 orcs
  11 bats
  2 bat skeletons (D:5)
  3 bat zombies (D:5)
  A giant cockroach (D:2)
  9 goblins
  8 hobgoblins
  11 jackals
  6 quokkas
  A ball python (D:3)
  3 frilled lizards
  A gnoll zombie (Ossuary)
  2 hobgoblin zombies (Ossuary)
  A jackal skeleton (D:5)
  A jackal zombie (D:9)
  15 kobolds
  4 kobold zombies (Ossuary)
  4 orc zombies (Ossuary)
  10 rats
  2 plants (Lair:6)
469 creatures vanquished.

Vanquished Creatures (collateral kills)
  A two-headed ogre (D:8)
  3 nagas (Lair:3)
  An orc warrior (D:6)
  7 wights
12 creatures vanquished.

Vanquished Creatures (others)
  2 dancing weapons
  A slave (D:5)
  A water moccasin zombie (Ossuary)
  2 orc wizards (D:5)
  A hound zombie (D:5)
  An orc (D:5)
  4 fungi (Lair:6)
  7 plants (Lair:6)
19 creatures vanquished.

Grand Total: 500 creatures vanquished

Notes
Turn   | Place    | Note
-------+----------+-------------------------------------------
     0 | D:1      | Petrovich the Vampire Enchanter began the quest for the
                  | Orb.
     0 | D:1      | Reached XP level 1. HP: 13/13 MP: 3/3
   695 | D:1      | Reached XP level 2. HP: 19/19 MP: 3/5
   994 | D:2      | Reached skill level 5 in Stealth
  1003 | D:2      | Noticed a fire elemental
  1005 | D:2      | Found a stormy altar of Qazlal.
  1006 | D:2      | Noticed a water elemental
  1006 | D:2      | Noticed an air elemental
  1006 | D:2      | Noticed an earth elemental
  1067 | D:2      | Found a white marble altar of Elyvilon.
  1090 | D:2      | Reached skill level 5 in Hexes
  1209 | D:2      | Found a hide-covered altar of Uskayaw.
  1367 | D:2      | Reached XP level 3. HP: 24/24 MP: 6/6
  1376 | D:2      | Learned a level 2 spell: Ensorcelled Hibernation
  1782 | D:2      | Learned a level 3 spell: Confuse
  1789 | D:2      | Reached XP level 4. HP: 23/30 MP: 3/7
  1826 | D:2      | Reached skill level 6 in Stealth
  2256 | D:3      | Found a deep blue altar of Sif Muna.
  2286 | D:3      | Noticed Jessica
  2469 | D:3      | Reached XP level 5. HP: 35/35 MP: 7/9
  2512 | D:3      | Learned a level 3 spell: Tukima's Dance
  2585 | D:3      | Found a glowing silver altar of Zin.
  2585 | D:3      | Found a shattered altar of Ashenzari.
  2639 | D:3      | Found a shadowy altar of Dithmenos.
  2690 | D:3      | Killed Jessica
  2876 | D:4      | Found a hazy altar of Hepliaklqana.
  2877 | D:4      | Found a shimmering altar of Xom.
  2877 | D:4      | Noticed a tyrant leech
  2878 | D:4      | Noticed a spectral ugly thing
  2878 | D:4      | Noticed a tyrant leech
  2908 | D:4      | Reached skill level 7 in Stealth
  3071 | D:4      | Noticed an ogre
  3072 | D:4      | Found a sacrificial altar of Ru.
  3078 | D:4      | Killed an ogre
  3078 | D:4      | Reached XP level 6. HP: 41/41 MP: 7/10
  3090 | D:4      | Noticed a slave
  3090 | D:4      | Noticed a slave
  3273 | D:4      | Noticed a slave
  3274 | D:4      | Noticed a slave
  3274 | D:4      | Noticed Pikel
  3287 | D:4      | Killed a slave
  3291 | D:4      | Killed a slave
  3446 | D:4      | Killed Pikel
  3446 | D:4      | Reached skill level 9 in Stealth
  3446 | D:4      | Reached XP level 7. HP: 41/46 MP: 8/12
  3547 | D:5      | Entered Level 5 of the Dungeon
  3759 | D:5      | Reached skill level 10 in Stealth
  3796 | D:5      | Reached XP level 8. HP: 52/52 MP: 5/14
  4123 | D:5      | Found an ancient bone altar of Kikubaaqudgha.
  4237 | D:5      | Reached skill level 10 in Hexes
  4312 | D:5      | Reached skill level 11 in Stealth
  4381 | D:5      | Learned a level 3 spell: Dazzling Spray
  4689 | D:6      | Reached skill level 12 in Stealth
  4834 | D:6      | Found Fopsir's Armour Emporium.
  5148 | D:6      | Reached skill level 1 in Fighting
  5148 | D:6      | Reached XP level 9. HP: 54/59 MP: 9/15
  5530 | D:6      | Found an opulent altar of Gozag.
  5968 | D:7      | Reached skill level 13 in Stealth
  5976 | D:7      | Found Nuargh's Gadget Boutique.
  6051 | D:7      | Found a transporter.
  6052 | D:7      | Found a transporter.
  6283 | D:7      | Found a staircase to the Ecumenical Temple.
  6292 | Temple   | Entered the Ecumenical Temple
  6349 | Temple   | Became a worshipper of Warmaster Okawaru
  6515 | D:7      | Found a corrupted altar of Lugonu.
  6515 | D:7      | Noticed a large abomination
  6516 | D:7      | Noticed a white ugly thing
  6695 | D:8      | Found a bloodstained altar of Trog.
  6707 | D:8      | Noticed a two-headed ogre
  6714 | D:8      | Killed a two-headed ogre
  6714 | D:8      | Reached * piety under Okawaru
  6789 | D:8      | Found a sand-covered staircase.
  6802 | Ossuary  | Entered an ossuary
  6842 | Ossuary  | Reached skill level 14 in Stealth
  7305 | D:8      | Reached XP level 10. HP: 70/70 MP: 10/16
  7327 | D:8      | Reached skill level 5 in Dodging
  7483 | D:8      | Reached ** piety under Okawaru
  7776 | D:8      | Noticed Erica
  8143 | D:8      | Killed Erica
  8143 | D:8      | Reached skill level 15 in Stealth
  8171 | D:9      | Found an iron altar of Okawaru.
  8303 | D:9      | Reached *** piety under Okawaru
  8657 | D:9      | Found a staircase to the Lair.
  8696 | D:9      | Reached skill level 1 in Invocations
  8746 | D:9      | Found a staircase to the Orcish Mines.
  8970 | D:9      | Got a faintly glowing helmet
  8981 | D:9      | Identified the -2 helmet of the Salamander {rPois rCorr}
                  | (You found it on level 9 of the Dungeon)
  9229 | D:10     | Entered Level 10 of the Dungeon
  9235 | D:10     | Reached **** piety under Okawaru
  9308 | D:10     | Noticed a two-headed ogre
  9310 | D:10     | Killed a two-headed ogre
  9310 | D:10     | Reached skill level 16 in Stealth
  9425 | D:10     | Reached XP level 11. HP: 78/78 MP: 17/17
  9459 | D:10     | Reached ***** piety under Okawaru
  9650 | D:10     | Reached skill level 5 in Fighting
 10389 | D:11     | Noticed an unseen horror
 10396 | D:11     | Killed an unseen horror
 10450 | D:11     | Noticed an unseen horror
 10452 | D:11     | Found a bloodstained altar of Trog.
 10454 | D:11     | Killed an unseen horror
 10554 | D:11     | Noticed a purple ugly thing
 10560 | D:11     | Killed a purple ugly thing
 10658 | D:11     | Reached skill level 17 in Stealth
 10848 | D:12     | Noticed a red ugly thing
 11427 | D:12     | Killed a red ugly thing
 11632 | Lair:1   | Entered Level 1 of the Lair of Beasts
 11636 | Lair:1   | Reached skill level 5 in Short Blades
 11701 | Lair:1   | Reached ****** piety under Okawaru
 11722 | Lair:1   | Received a gift from Okawaru
 11923 | Lair:1   | Reached XP level 12. HP: 88/88 MP: 4/18
 12058 | Lair:1   | Noticed Harold
 12109 | Lair:1   | Killed Harold
 12319 | Lair:2   | Reached skill level 18 in Stealth
 12713 | Lair:2   | You fall through a shaft for 2 floors!
 12799 | Lair:3   | Noticed a death yak
 12799 | Lair:3   | Noticed a death yak
 12990 | Lair:4   | Received a gift from Okawaru
 13181 | Lair:4   | Noticed Sonja
 13188 | Lair:4   | Killed Sonja
 13245 | Lair:4   | Learned a level 6 spell: Invisibility
 13392 | Lair:3   | Found a staircase to the Snake Pit.
 13462 | Lair:4   | Reached skill level 1 in Shields
 13538 | Lair:3   | Noticed a death yak
 13538 | Lair:3   | Noticed a death yak
 13548 | Lair:3   | Killed a death yak
 13550 | Lair:3   | Killed a death yak
 13569 | Lair:3   | Killed a death yak
 13582 | Lair:3   | Killed a death yak
 13731 | Lair:3   | Found an ancient bone altar of Kikubaaqudgha.
 13747 | Lair:3   | Noticed Nergalle
 13754 | Lair:3   | Noticed an eight-headed hydra
 13755 | Lair:3   | Killed Nergalle
 13756 | Lair:3   | Noticed Rupert
 13762 | Lair:3   | Killed Rupert
 13762 | Lair:3   | Received a gift from Okawaru
 13762 | Lair:3   | Reached skill level 19 in Stealth
 13762 | Lair:3   | Reached skill level 15 in Hexes
 13768 | Lair:3   | Killed an eight-headed hydra
 13768 | Lair:3   | Reached XP level 13. HP: 96/96 MP: 13/19
 14374 | Lair:2   | Found a staircase to the Swamp.
 14973 | Lair:5   | Received a gift from Okawaru
 15381 | Lair:5   | Found a viscous altar of Jiyva.
 15381 | Lair:5   | Found a staircase to the Slime Pits.
 15456 | Lair:5   | Noticed Josephine
 15705 | Lair:5   | Killed Josephine
 15805 | Lair:6   | Entered Level 6 of the Lair of Beasts
 15815 | Lair:6   | Learned a level 1 spell: Apportation
 15929 | Lair:6   | Received a gift from Okawaru
 15929 | Lair:6   | Reached skill level 20 in Stealth
 15931 | Lair:6   | Got a translucent rapier {god gift}
 15961 | Lair:6   | Identified the +4 rapier of the Pill Bug {pain, Stlth+}
                  | (Okawaru gifted it to you on level 6 of the Lair of Beasts)
 16015 | Lair:6   | Found the +5 pair of quick blades "Gyre" and "Gimble"
                  | {pierce, Dex-3}
 16097 | Lair:6   | Reached skill level 10 in Short Blades
 16474 | Lair:6   | Noticed a dire elephant
 16474 | Lair:6   | Noticed a dire elephant
 16578 | Lair:6   | Killed a dire elephant
 16597 | Lair:6   | Killed a dire elephant
 16597 | Lair:6   | Reached skill level 10 in Dodging
 16634 | Lair:6   | Noticed a dire elephant
 16644 | Lair:6   | Killed a dire elephant
 16644 | Lair:6   | Received a gift from Okawaru
 16655 | Lair:6   | Got a transparent shield {god gift}
 16661 | Lair:6   | Identified the +5 shield of Defiance {SInv} (Okawaru gifted
                  | it to you on level 6 of the Lair of Beasts)
 16697 | Lair:6   | Noticed a dire elephant
 16947 | Lair:6   | Killed a dire elephant
 16947 | Lair:6   | Reached XP level 14. HP: 106/106 MP: 13/20
 17047 | Lair:6   | Mangled by a catoblepas

Vault maps used:
D:1:      dpeg_arrival_prison
D:2:      overflow_temple_1_default, nicolae_qazlal_style_of_elements,
          lemuel_doored_altar
D:3:      overflow_temple_1_default, nicolae_dithmenos_through_a_glass_darkly,
          gammafunk_temple_overflow_elements, first_ration,
          corexii_leaking_fountain, uniq_jessica
D:4:      regret_index_temple_of_mockery, lemuel_crystal_altar, uniq_pikel
D:5:      kennysheep_vampire_church
D:6:      corexii_shantytown, overflow_temple_1_default, serial_shops,
          kennysheep_mini_moat, minmay_misc_feat_tiny, kennysheep_dice
D:7:      gammafunk_corrupted_shrine, lemuel_temple_firewalk_b, serial_shops,
          shop
D:8:      kennysheep_mini, enter_ossuary_2, zaba_anthole,
          hangedman_pestilent_swarm, uniq_erica
D:9:      lair_entry_dummy, orc_0_dummy, basic_altar
D:11:     basic_altar
Temple:   nicolae_temple_figure_zero
Lair:1:   nicolae_lair_grove_arrangements, uniq_harold
Lair:2:   nicolae_swamp_entry_splash_gauntlet, serial_bayou_lagoon_a,
          mumra_transporter_accident
Lair:3:   minmay_snake_entry_guardpost_medium, basic_altar,
          nicolae_quartered_pool_super, uniq_rupert, uniq_nergalle
Lair:4:   kilobyte_rumbling_trees, uniq_sonja
Lair:5:   slime_altar_1, special_room, infiniplex_staircase_pool_2,
          serial_bayou_shore_b, lemuel_fruit_fields, uniq_josephine
Lair:6:   due_jungle_book
Ossuary:  ossuary_tomb_2

Skill      XL: |  1  2  3  4  5  6  7  8  9 10 11 12 13 |
---------------+----------------------------------------+-----
Stealth        | 5 6 7 9 10 12 14 16 17 19 20 | 20.1
Hexes          | 5 6 7 8 9 11 12 13 14 15 | 15.0
Spellcasting   | 3 4 |  4.0
Fighting       | 1 3 4 6 7 8 |  8.3
Dodging        | 4 6 7 8 10 | 10.1
Invocations    | 2 |  2.0
Short Blades   | 2 5 8 10 | 10.9
Shields        | 2 4 |  4.0

Action                   |  1- 3 |  4- 6 |  7- 9 | 10-12 | 13-15 || total
-------------------------+-------+-------+-------+-------+-------++-------
Melee: Dagger            |    79 |    68 |   356 |   420 |   106 ||  1029
       Bite              |     1 |     2 |    26 |    38 |    37 ||   104
       Rapier            |       |       |       |       |   124 ||   124
 Cast: Corona            |    24 |    10 |    17 |     4 |     1 ||    56
       Ensorcelled Hiber |     8 |    29 |    92 |   155 |    48 ||   332
       Confuse           |       |     2 |    20 |    30 |     8 ||    60
       Tukima's Dance    |       |       |     6 |    15 |       ||    21
       Invisibility      |       |       |       |     3 |    10 ||    13
       Dazzling Spray    |       |       |       |       |    16 ||    16
Invok: Heroism           |       |       |       |       |     1 ||     1
 Abil: End Transformatio |       |     1 |     1 |     6 |     7 ||    15
       Bat Form          |       |     1 |     1 |     6 |     7 ||    15
Evoke: Wand              |       |       |       |     6 |     1 ||     7
  Use: Potion            |     8 |     3 |     8 |       |    23 ||    42
       Scroll            |       |       |       |    17 |     4 ||    21
 Stab: Sleeping          |    16 |    19 |    86 |   132 |    50 ||   303
       Distracted        |       |     1 |     4 |     2 |       ||     7
       Confused          |       |     3 |    15 |    21 |     6 ||    45
       Invisible         |       |       |       |    10 |    35 ||    45
Armor: Robe              |    12 |    14 |    94 |    47 |    14 ||   181
Dodge: Dodged            |    51 |    47 |   254 |   241 |   101 ||   694
Block: Other             |       |       |       |    12 |     1 ||    13
       Buckler           |       |       |       |    20 |    72 ||    92
       Reflection        |       |       |       |     2 |       ||     2

Table legend:
 A = Non-vault XP
 B = Vault XP
 C = Vault XP percentage of total XP
 D = Non-vault monster count
 E = Vault monster count
 F = Vault count percentage of total count
                 A         B        C        D         E       F
            +---------+---------+-------+---------+---------+-------
      Total |   47623 |   17913 |  27.3 |     358 |     120 |  25.1
            +---------+---------+-------+---------+---------+-------
        D:1 |      14 |       1 |   6.7 |       9 |       1 |  10.0
        D:2 |     109 |       0 |   0.0 |      29 |       0 |   0.0
        D:3 |      90 |      37 |  29.1 |      20 |       1 |   4.8
        D:4 |     353 |     629 |  64.1 |       9 |       1 |  10.0
        D:5 |    1002 |      10 |   1.0 |      28 |       5 |  15.2
        D:6 |     606 |     280 |  31.6 |      19 |      31 |  62.0
        D:7 |     908 |       0 |   0.0 |      20 |       0 |   0.0
        D:8 |    1347 |    1736 |  56.3 |      17 |       9 |  34.6
        D:9 |    1759 |       0 |   0.0 |      33 |       0 |   0.0
       D:10 |    3248 |       0 |   0.0 |      33 |       0 |   0.0
       D:11 |    4620 |       0 |   0.0 |      21 |       0 |   0.0
       D:12 |    2062 |       0 |   0.0 |      21 |       0 |   0.0
     Lair:1 |    3333 |     928 |  21.8 |      17 |       1 |   5.6
     Lair:2 |    3308 |    1179 |  26.3 |      14 |       6 |  30.0
     Lair:3 |    6739 |    4377 |  39.4 |      16 |       7 |  30.4
     Lair:4 |     872 |    1998 |  69.6 |       6 |      10 |  62.5
     Lair:5 |    6162 |    3352 |  35.2 |      19 |      18 |  48.6
     Lair:6 |   11091 |    2985 |  21.2 |      27 |       5 |  15.6
    Ossuary |       0 |     401 | 100.0 |       0 |      25 | 100.0
            +---------+---------+-------+---------+---------+-------
